 Dungeon Sprint DCSS version 0.23.2-1-ga50397a6bc (webtiles) character file.

Game seed: 3273810932492355640

1648 Kobolds4U the Severer (level 8, -4/83 HPs)
             Began as a Minotaur Berserker on May 10, 2019.
             Was an Elder of Trog.
             Slain by a demonic crawler (6 damage)
             ... in the Dungeon (Sprint I: "Red Sonja").
             The game lasted 00:02:12 (461 turns).

Kobolds4U the Severer (Minotaur Berserker)           Turns: 461, Time: 00:02:14

Health: -4/83      AC:  3    Str: 22    XL:     8   Next: 67%
Magic:  7/7        EV: 17    Int:  4    God:    Trog [****..]
Gold:   352        SH:  0    Dex: 12    Spells: 7/7 levels left

rFire    . . .     SeeInvis .   a - +0 hand axe
rCold    . . .     Gourm    .   (no shield)
rNeg     . . .     Faith    .   l - +0 leather armour
rPois    .         Spirit   .   (helmet restricted)
rElec    .         Reflect  .   (no cloak)
rCorr    .         Harm     .   (no gloves)
MR       ++...     NoTele   +   (no boots)
Stlth    +.........             (no amulet)
HPRegen  1.23/turn              (no ring)
MPRegen  0.10/turn              (no ring)

@: berserk cooldown, regenerating, slowed, very slow
A: retaliatory headbutt, horns 2
a: Berserk, Trog's Hand, Brothers in Arms, Renounce Religion


You were in the Dungeon.
You worshipped Trog.
Trog was greatly pleased with you.
You were hungry.

You visited 1 branch You collected 429 gold pieces.
You spent 77 gold pieces at shops.

Inventory:

Hand Weapons
 a - a +0 hand axe (weapon)
Armour
 l - a +0 leather armour (worn)
Wands
 j - a wand of random effects (28)
Scrolls
 i - a scroll of blinking
 m - a scroll of identify
 n - a scroll of fear
Potions
 b - a potion of lignification {unknown}
 d - 2 potions of curing
 e - a potion of heal wounds
 f - a potion of haste
 g - 2 potions of magic
 h - a potion of berserk rage
Comestibles
 c - a ration
 k - 5 chunks of flesh


   Skills:
 + Level 12.0 Fighting
 * Level 15.8 Axes
 - Level 2.4 Armour
 + Level 10.8 Dodging


You had 7 spell levels left.
You didn't know any spells.
Your spell library was empty.

Dungeon Overview and Level Annotations

Branches:
Dungeon (1/1)

Altars:
Cheibriados
Dithmenos
Elyvilon
Fedhas
Gozag
Hepliaklqana
Kikubaaqudgha
Makhleb
Nemelex Xobeh
Okawaru
Qazlal
Ru
Sif Muna
Trog
Uskayaw
Vehumet
Wu Jian
Xom
Yredelemnul
Zin
The Shining One
Jiyva
Lugonu

Shops:
D ?


Innate Abilities, Weirdness & Mutations

You reflexively headbutt those who attack you in melee.
You have a pair of horns on your head.


Message History

You hit the demonic crawler but do no damage.
The demonic crawler is lightly wounded.
You hit the demonic crawler but do no damage.
Your polar bear bites the demonic crawler but does no damage.
Your polar bear claws the demonic crawler.
Your polar bear barely misses the demonic crawler.
The demonic crawler hits you! x2
* * * LOW HITPOINT WARNING * * *
The demonic crawler hits you.
* * * LOW HITPOINT WARNING * * *
The demonic crawler closely misses you. The demonic crawler hits you!
* * * LOW HITPOINT WARNING * * *
The demonic crawler hits you!
* * * LOW HITPOINT WARNING * * *
Your polar bear bites the demonic crawler!
Your polar bear claws the demonic crawler.
Your polar bear claws the demonic crawler but does no damage.
The demonic crawler hits you but does no damage.
The demonic crawler barely misses you. The demonic crawler hits you.
You die...

################
..'..#__#..')..#
).#..'..'.ยง#)..##+#
####'#__####...h@s#
...#.#### #####s.+
..##.# #+## #'#_.+
'..._# #_.#'# ##+#.#
###


You could see 2 demonic crawlers and a friendly polar bear (berserk).

Vanquished Creatures
  2 demonic crawlers (D)
  2 kobold demonologists (D)
  A slime creature (D)
  Sigmund (D)
  A yak (D)
  A floating eye (D)
  An ogre (D)
  A jelly (D)
  Ijyb (D)
11 creatures vanquished.

Notes
Turn   | Place    | Note
-------+----------+-------------------------------------------
     0 | D        | Kobolds4U the Minotaur Berserker began the quest for the
                  | Orb.
     0 | D        | Reached XP level 1. HP: 19/19 MP: 0/0
     1 | D        | Noticed Ijyb
     7 | D        | Killed Ijyb
     7 | D        | Reached skill level 5 in Fighting
     7 | D        | Reached skill level 6 in Axes
     7 | D        | Reached XP level 2. HP: 23/29 MP: 1/1
    68 | D        | Noticed an ogre
    71 | D        | Killed an ogre
    71 | D        | Reached skill level 8 in Axes
    71 | D        | Reached skill level 5 in Dodging
    71 | D        | Reached XP level 3. HP: 31/38 MP: 2/2
    71 | D        | Reached XP level 4. HP: 36/45 MP: 3/3
   201 | D        | Noticed Sigmund
   208 | D        | Killed Sigmund
   208 | D        | Reached ** piety under Trog
   208 | D        | Reached skill level 11 in Axes
   208 | D        | Reached XP level 5. HP: 55/55 MP: 4/4
   208 | D        | Reached XP level 6. HP: 62/62 MP: 5/5
   223 | D        | Found an ornate altar of the Wu Jian Council.
   223 | D        | Found a deep blue altar of Sif Muna.
   225 | D        | Found a radiant altar of Vehumet.
   264 | D        | Found Lazipir's Magic Scroll Emporium.
   264 | D        | Found an ancient bone altar of Kikubaaqudgha.
   264 | D        | Found a hazy altar of Hepliaklqana.
   264 | D        | Found a stormy altar of Qazlal.
   264 | D        | Found a hide-covered altar of Uskayaw.
   264 | D        | Found a blossoming altar of Fedhas.
   264 | D        | Found a bloodstained altar of Trog.
   264 | D        | Found an iron altar of Okawaru.
   264 | D        | Found a basalt altar of Yredelemnul.
   264 | D        | Found a glowing golden altar of the Shining One.
   264 | D        | Found a snail-covered altar of Cheibriados.
   264 | D        | Found a sacrificial altar of Ru.
   264 | D        | Found a glowing silver altar of Zin.
   264 | D        | Found a shadowy altar of Dithmenos.
   264 | D        | Found a white marble altar of Elyvilon.
   264 | D        | Noticed a yak
   265 | D        | Found an opulent altar of Gozag.
   271 | D        | Killed a yak
   271 | D        | Reached skill level 12 in Axes
   272 | D        | Found a sparkling altar of Nemelex Xobeh.
   280 | D        | Bought a scroll of identify for 28 gold pieces
   280 | D        | Bought a scroll of fear for 49 gold pieces
   291 | D        | Found a viscous altar of Jiyva.
   291 | D        | Found a corrupted altar of Lugonu.
   291 | D        | Noticed a slime creature
   292 | D        | Found a burning altar of Makhleb.
   292 | D        | Found a shimmering altar of Xom.
   301 | D        | Killed a slime creature
   301 | D        | Reached *** piety under Trog
   301 | D        | Reached skill level 10 in Fighting
   301 | D        | Reached skill level 13 in Axes
   301 | D        | Reached XP level 7. HP: 55/72 MP: 6/6
   386 | D        | Noticed a kobold demonologist
   386 | D        | Noticed a kobold demonologist
   388 | D        | Noticed a sixfirhy
   390 | D        | Noticed a rust devil
   396 | D        | Killed a kobold demonologist
   396 | D        | Reached skill level 14 in Axes
   397 | D        | Noticed a hellwing
   405 | D        | Killed a kobold demonologist
   405 | D        | Reached **** piety under Trog
   405 | D        | Reached skill level 15 in Axes
   405 | D        | Reached skill level 10 in Dodging
   405 | D        | Reached XP level 8. HP: 73/82 MP: 7/7
   447 | D        | Noticed a demonic crawler
   447 | D        | Noticed a demonic crawler
   447 | D        | Noticed a demonic crawler
   447 | D        | Noticed a demonic crawler
   451 | D        | Killed a demonic crawler
   457 | D        | Killed a demonic crawler
   461 | D        | HP: 2/83 [demonic crawler (8)]
   461 | D        | Slain by a demonic crawler

Skill      XL: |  1  2  3  4  5  6  7  8 |
---------------+-------------------------+-----
Fighting       | 5 6 8 10 11 12 | 12.0
Axes           | 6 8 11 13 15 | 15.8
Dodging        | 3 5 7 8 10 | 10.8
Armour         | |  2.4

Action                   |  1- 3 |  4- 6 |  7- 9 || total
-------------------------+-------+-------+-------++-------
Melee: Hand axe          |     7 |    23 |    27 ||    57
       Headbutt          |     2 |     6 |     9 ||    17
Invok: Berserk           |     1 |       |     1 ||     2
       Trog's Hand       |       |       |     1 ||     1
       Brothers in Arms  |       |       |     1 ||     1
 Stab: Distracted        |       |       |     1 ||     1
Armor: Animal skin       |     1 |       |       ||     1
       Leather armour    |       |       |     7 ||     7
Dodge: Dodged            |     1 |     9 |    16 ||    26
